Map: Interloper LE

Players

McMonMEMEroe

  • Race: Zerg Zerg
  • League: Master
  • Spawn Location: 11:00

omegabanana - Winner!

  • Race: Protoss Protoss
  • League: Gold
  • Spawn Location: 5:00

VOD

https://go.twitch.tv/videos/186074637

Description

Time

  • Played on: Oct. 28, 2017, 8:27 p.m.
  • Length: 20:09
Show
View Real Time Build Order
Export as new Build Order

McMonMEMEroe Zerg 

Build Orders: Hatch First 

Get SALT Encoding   

  12  0:00  Drone  
  13  0:12  Overlord  
  13  0:18  Drone  
  14  0:31  Drone x2  
  16  0:50  Hatchery  
  16  0:52  Drone  
  16  0:56  Drone  
  17  0:59  Drone  
  18  1:10  Extractor  
  17  1:15  Spawning Pool  
  16  1:21  Drone x2  
  18  1:31  Drone  
  19  1:39  Drone  
  20  1:49  Overlord  
  20  2:02  Queen x2  
  20  2:03  Zergling x4  
  26  2:11  Metabolic Boost, Drone  
  26  2:15  Drone  
  28  2:24  Drone x2  
  30  2:32  Drone  
  31  2:43  Hatchery  
  30  2:46  Drone  
  30  2:49  Pneumatized Carapace  
  31  2:54  Overlord  
  31  2:59  Drone x2  
  31  3:02  Drone  
  34  3:10  Drone x2  
  36  3:13  Overlord  
  36  3:14  Drone  
  36  3:15  Drone  
  38  3:24  Queen  
  38  3:25  Drone x2  
  42  3:27  Drone  
  42  3:30  Overlord  
  42  3:33  Drone  
  44  3:36  Drone  
  45  3:43  Drone x3  
  48  3:51  Evolution Chamber  
  48  3:52  Drone  
  48  3:59  Drone x3  
  51  4:03  Queen  
  51  4:04  Drone  
  51  4:07  Drone x2  
  56  4:12  Drone  
  56  4:14  Drone x2  
  59  4:19  Zerg Melee Weapons Level 1  
  60  4:24  Zergling x10  
  60  4:25  Extractor  
  60  4:26  Queen  
  60  4:27  Baneling Nest  
  60  4:28  Overlord x2  
  64  4:31  Zergling x2  
  65  4:42  Overlord  
  65  4:43  Zergling x2  
  65  4:54  Zergling x2  
  65  4:55  Zergling x20  
  73  5:00  Overlord  
  73  5:01  Lair  
  73  5:02  Queen  
  74  5:11  Zergling x6  
  72  5:20  Drone x5  
  73  5:25  Zergling x2  
  69  5:28  Zergling x2  
  69  5:29  Queen  
  71  5:36  Drone  
  71  5:37  Hatchery  
  71  5:38  Zergling x4  
  75  5:44  Spore Crawler  
  75  5:47  Spore Crawler  
  75  5:48  Spore Crawler  
  75  5:49  Drone x3  
  75  5:50  Baneling x5  
  75  5:51  Baneling x2  
  75  5:53  Zergling x2  
  76  6:01  Drone x2  
  76  6:03  Hydralisk Den  
  77  6:07  Drone x2  
  77  6:11  Drone x4  
  77  6:14  Extractor  
  77  6:15  Extractor x2  
  77  6:16  Drone  
  79  6:20  Drone  
  79  6:21  Extractor, Drone x3  
  84  6:25  Drone x4  
  84  6:27  Hatchery  
  84  6:31  Drone x2  
  87  6:33  Zerg Melee Weapons Level 2  
  87  6:35  Drone  
  86  6:49  Overlord, Drone x7  
  86  6:51  Overlord x2  
  86  6:53  Overlord  
  93  6:58  Drone x2  
  93  6:59  Centrifical Hooks, Drone  
  96  7:01  Muscular Augments  
  96  7:07  Overlord x3  
  96  7:08  Overlord  
  96  7:10  Zergling x6  
  96  7:13  Zergling x4  
  101  7:32  Drone x6, Hydralisk  
  101  7:33  Hydralisk x4  
  117  7:41  Hydralisk x4  
  124  7:52  Spore Crawler, Hydralisk x8  
  124  7:55  Zergling x6  
  142  7:59  Baneling x4  
  142  8:08  Zergling x6  
  142  8:09  Zergling x12  
  151  8:15  Drone  
  152  8:20  Overlord  
  152  8:21  Overlord x4  
  147  8:31  Zergling x10  
  147  8:32  Zergling x12  
  158  8:37  Overlord x3  
  158  8:39  Overseer  
  157  8:43  Drone  
  157  8:44  Spine Crawler x2, Drone x3  
  155  8:55  Zergling x14  
  155  8:56  Zergling x4, Hatchery  
  162  9:03  Baneling x11  
  162  9:04  Baneling x5  
  162  9:11  Spine Crawler  
  162  9:15  Spine Crawler  
  160  9:17  Baneling  
  160  9:18  Baneling x4  
  160  9:21  Baneling x8  
  160  9:22  Baneling x6  
  160  9:23  Hydralisk x3  
  166  9:27  Zerg Missile Weapons Level 1  
  166  9:29  Hydralisk x2  
  170  9:32  Hydralisk  
  155  9:54  Hydralisk x5  
  155  9:55  Zergling x22  
  175  10:01  Zergling x2  
  175  10:02  Zergling x18  
  176  10:28  Extractor, Drone x3  
  179  10:29  Infestation Pit  
  179  10:33  Zergling x2  
  179  10:34  Zergling x30  
  193  10:36  Baneling x7  
  184  10:55  Baneling x16  
  175  10:59  Zergling x54  
  195  11:10  Hydralisk  
  195  11:11  Hydralisk x5  
  148  11:18  Zergling x14  
  154  11:26  Hive  
  154  11:28  Drone x4  
  154  11:31  Hydralisk x3  
  163  11:43  Baneling x2  
  163  11:44  Baneling x6  
  163  11:50  Hydralisk x6  
  163  11:51  Hydralisk  
  177  11:57  Spire  
  174  12:10  Zergling x2  
  174  12:11  Zergling x30  
  190  12:19  Baneling x17  
  190  12:23  Baneling x2  
  190  12:24  Baneling x8  
  188  12:48  Baneling  
  183  12:53  Hydralisk x8  
  183  12:54  Zergling x2  
  183  12:56  Baneling x6  
  183  12:57  Baneling x7  
  179  13:09  Zergling x42  
  175  13:16  Overseer x2  
  167  13:20  Zergling x18  
  167  13:26  Greater Spire  
  172  13:28  Drone x4  
  172  13:31  Drone x3  
  179  13:36  Adrenal Glands  
  172  13:41  Overseer x3  
  172  13:47  Drone  
  172  13:48  Drone x2  
  175  13:55  Corruptor x2  
  177  13:57  Drone x3  
  177  13:58  Extractor x2  
  177  14:01  Drone  
  177  14:02  Drone x2  
  183  14:03  Extractor  
  183  14:07  Corruptor  
  183  14:12  Drone x2  
  183  14:16  Drone x2  
  176  14:26  Corruptor, Infestor  
  176  14:27  Corruptor  
  182  14:37  Drone x6  
  182  14:38  Extractor  
  187  14:47  Zergling x2  
  187  14:48  Zergling x24  
  187  14:49  Baneling x4  
  197  14:54  Baneling x8  
  191  15:22  Spine Crawler x2  
  191  15:24  Brood Lord x5  
  191  15:26  Zergling x2  
  200  15:35  Spore Crawler  
  189  15:50  Spine Crawler, Hatchery  
  189  15:54  Drone x12  
  199  15:57  Spine Crawler  
  199  16:03  Spore Crawler  
  199  16:04  Spine Crawler  
  196  16:08  Spine Crawler x2, Baneling x5  
  194  16:15  Spore Crawler  
  194  16:17  Corruptor x3  
  199  16:23  Zerg Melee Weapons Level 3  
  199  16:30  Hatchery  
  198  16:34  Zergling x2  
  198  16:35  Zergling x2  
  198  16:36  Spine Crawler  
  198  16:37  Spine Crawler  
  198  16:40  Spine Crawler  
  198  16:41  Spine Crawler, Ultralisk Cavern  
  195  16:49  Overseer  
  195  16:50  Overseer  
  195  16:58  Hatchery  
  195  16:59  Brood Lord x2  
  198  17:02  Spine Crawler, Spore Crawler  
  198  17:04  Spine Crawler  
  198  17:05  Drone x2  
  198  17:06  Drone  
  198  17:08  Spine Crawler x2, Drone  
  197  17:40  Baneling x8  
  190  17:45  Baneling x5  
  190  17:46  Baneling x2  
  190  17:47  Infestor x4  
  190  17:48  Corruptor x2  
  191  18:00  Corruptor x3  
  191  18:04  Neural Parasite  
  190  18:18  Corruptor x2  
  190  18:21  Hatchery  
  189  18:30  Corruptor x2  
  189  18:34  Chitinous Plating  
  193  18:43  Corruptor x2  
  174  19:08  Corruptor x4  
  180  19:22  Hatchery  
  179  19:38  Corruptor x2  
Show
View Real Time Build Order
Export as new Build Order

omegabanana Protoss - Winner!

Build Orders: 1 Gate Expand, Zealot Archon 

Get SALT Encoding   

  12  0:00  Probe (Chrono Boost)  
  13  0:11  Probe (Chrono Boost)  
  14  0:18  Pylon  
  14  0:22  Probe (Chrono Boost)  
  15  0:36  Probe (Chrono Boost)  
  15  0:39  Gateway  
  16  0:44  Assimilator  
  16  0:47  Probe (Chrono Boost)  
  17  0:58  Probe (Chrono Boost)  
  18  1:08  Probe (Chrono Boost)  
  19  1:23  Nexus  
  19  1:26  Probe (Chrono Boost)  
  20  1:34  Cybernetics Core  
  20  1:38  Probe (Chrono Boost)  
  21  1:42  Assimilator  
  21  1:49  Probe (Chrono Boost)  
  21  1:52  Pylon  
  22  2:00  Probe (Chrono Boost)  
  23  2:10  Probe (Chrono Boost)  
  23  2:11  Warp Gate, Adept (Chrono Boost)  
  26  2:22  Probe  
  27  2:25  Robotics Facility  
  27  2:33  Probe  
  27  2:34  Probe  
  29  2:39  Stalker (Chrono Boost)  
  29  2:44  Probe  
  31  2:46  Probe  
  33  2:53  Twilight Council  
  33  2:54  Probe  
  34  3:00  Probe (Chrono Boost)  
  35  3:06  Probe (Chrono Boost)  
  35  3:11  Immortal (Chrono Boost), Probe (Chrono Boost)  
  37  3:16  Probe  
  42  3:23  Probe  
  43  3:27  Probe  
  43  3:28  Pylon  
  43  3:30  Charge (Chrono Boost)  
  44  3:35  Probe  
  45  3:43  Warp Prism, Probe  
  48  3:55  Gateway  
  48  3:58  Gateway  
  48  3:59  Gateway  
  48  4:01  Probe x2  
  50  4:06  Assimilator  
  50  4:08  Pylon  
  50  4:13  Probe  
  50  4:15  Pylon  
  51  4:17  Zealot  
  54  4:26  Probe  
  54  4:30  Mothership Core  
  56  4:32  Observer  
  57  4:38  Pylon  
  57  4:47  Nexus  
  57  4:53  Zealot x3  
  57  4:54  Zealot  
  65  5:02  Probe  
  65  5:06  Probe  
  63  5:14  Probe  
  63  5:16  Zealot x4  
  63  5:19  Probe  
  67  5:26  Probe  
  64  5:31  Probe  
  64  5:34  Pylon  
  64  5:35  Templar Archives  
  63  5:37  Assimilator, Forge  
  63  5:38  Probe  
  64  5:43  Zealot, Sentry x3  
  64  5:44  Probe  
  73  5:50  Probe  
  73  5:56  Probe  
  75  5:58  Protoss Ground Weapons Level 1  
  75  5:59  Gateway  
  75  6:01  Gateway  
  75  6:04  Gateway  
  75  6:05  Gateway  
  75  6:06  Psionic Storm  
  75  6:07  Probe x2  
  77  6:11  Probe  
  78  6:19  Probe x2  
  78  6:25  Probe  
  81  6:26  High Templar x2  
  81  6:30  Photon Cannon  
  81  6:31  Probe  
  86  6:37  Assimilator, Probe x2  
  86  6:38  Assimilator  
  88  6:41  High Templar  
  88  6:43  Stalker, Probe  
  93  6:49  Probe  
  93  6:52  Probe  
  95  6:55  Probe  
  95  6:58  Photon Cannon  
  95  7:01  Dark Shrine, Probe  
  97  7:02  Pylon  
  97  7:04  Pylon, Probe  
  97  7:06  Pylon  
  97  7:07  High Templar  
  100  7:16  Photon Cannon  
  100  7:18  Immortal  
  100  7:19  Photon Cannon  
  100  7:21  Pylon  
  100  7:22  High Templar, Pylon  
  106  7:31  Pylon, High Templar  
  107  7:47  Protoss Ground Weapons Level 2  
  107  7:48  Photon Cannon  
  107  7:52  High Templar x2, Zealot x3, Photon Cannon  
  107  7:53  Zealot  
  107  7:54  Nexus  
  107  7:55  Immortal  
  107  7:56  Archon  
  119  8:04  Pylon  
  123  8:15  Dark Templar  
  123  8:19  Photon Cannon  
  125  8:20  Photon Cannon  
  125  8:22  Photon Cannon  
  125  8:28  Dark Templar  
  127  8:35  Photon Cannon  
  127  8:36  Photon Cannon  
  127  8:38  Photon Cannon  
  125  8:43  Assimilator  
  125  8:45  Probe  
  125  8:48  Assimilator, Probe  
  126  8:49  Immortal  
  126  8:52  High Templar x2, Zealot x2  
  126  8:53  Zealot  
  139  9:01  Archon  
  139  9:07  Pylon  
  139  9:08  Pylon  
  139  9:14  High Templar x2, Zealot x3  
  149  9:19  Archon  
  149  9:23  Warp Prism  
  149  9:26  Pylon  
  149  9:27  High Templar x2, Zealot, Pylon  
  157  9:32  Archon  
  157  9:35  Photon Cannon  
  157  9:37  Pylon  
  155  9:48  Zealot x6  
  165  10:03  Observer  
  155  10:14  Probe  
  155  10:16  High Templar  
  155  10:17  High Templar x5  
  155  10:18  Photon Cannon x2  
  155  10:20  Photon Cannon  
  167  10:23  Archon x3  
  167  10:25  High Templar x2  
  171  10:29  Gateway  
  171  10:32  Gateway, Archon  
  171  10:54  Zealot x5  
  154  11:05  Protoss Ground Weapons Level 3  
  128  11:17  Archon  
  110  11:19  Zealot x7, Immortal  
  128  11:26  Pylon  
  128  11:28  Stargate  
  128  11:29  Pylon  
  128  11:38  High Templar x2  
  124  11:42  High Templar x2  
  124  11:43  High Templar x2  
  124  11:44  Sentry x2  
  124  11:45  Zealot x2  
  134  11:57  Observer  
  135  12:01  Photon Cannon  
  135  12:03  Photon Cannon  
  135  12:10  High Templar x4  
  135  12:11  Zealot  
  135  12:12  Zealot  
  147  12:19  Archon  
  147  12:22  Dark Templar x2  
  149  12:23  Warp Prism  
  149  12:24  Zealot  
  149  12:25  Zealot  
  155  12:35  Zealot x2  
  159  12:39  Fleet Beacon  
  159  12:49  Probe  
  159  12:50  Probe  
  154  12:55  Zealot  
  154  12:56  Zealot x9  
  128  13:14  Immortal  
  118  13:20  High Templar x3  
  118  13:21  High Templar x3  
  116  13:32  High Templar  
  116  13:33  High Templar, Zealot x2  
  122  13:38  Probe  
  122  13:40  Probe x3  
  122  13:46  Archon  
  122  13:48  Probe  
  122  13:51  Warp Prism  
  123  13:56  Pylon  
  123  13:58  Pylon  
  125  14:05  High Templar x2  
  135  14:15  Zealot  
  137  14:19  Archon  
  137  14:36  Nexus  
  137  14:38  Stargate x2  
  137  14:49  Zealot  
  137  14:50  Zealot  
  137  14:54  Zealot  
  137  14:55  Zealot x6  
  150  15:06  Protoss Shields Level 1  
  150  15:10  Nexus  
  150  15:11  Protoss Air Weapons Level 1  
  150  15:14  Pylon  
  150  15:24  Dark Templar  
  152  15:31  Tempest x2 (Chrono Boost)  
  164  15:37  Tempest (Chrono Boost)  
  170  15:47  Dark Templar x2  
  169  16:01  Dark Templar  
  165  16:09  Tempest (Chrono Boost)  
  167  16:16  Assimilator  
  167  16:22  Pylon  
  173  16:26  Tempest (Chrono Boost)  
  173  16:32  Assimilator  
  171  16:35  Tempest (Chrono Boost)  
  171  16:36  Pylon  
  177  16:40  Zealot  
  177  16:41  High Templar x2  
  183  16:58  Void Ray (Chrono Boost)  
  185  17:03  Void Ray (Chrono Boost)  
  185  17:08  Photon Cannon  
  189  17:09  Photon Cannon  
  189  17:12  Void Ray (Chrono Boost)  
  193  17:18  Protoss Air Weapons Level 2  
  193  17:36  Archon  
  170  18:02  Void Ray x2 (Chrono Boost)  
  178  18:07  Warp Prism  
  175  18:22  Photon Cannon  
  175  18:23  Photon Cannon  
  175  18:25  Zealot x7, Photon Cannon x2  
  175  18:26  Zealot x2  
  193  18:27  Photon Cannon  
  193  18:29  Photon Cannon  
  193  18:36  Void Ray (Chrono Boost)  
  171  18:59  High Templar x2  
  171  19:00  High Templar  
  169  19:08  High Templar x2  
  169  19:10  Observer  
  169  19:11  Void Ray x2 (Chrono Boost)  
  169  19:16  Dark Templar x3  
  184  19:23  Oracle (Chrono Boost)  
  169  20:00  Zealot x4  
Tags
 
Add a new tag
Caveats
  • Supply blocks, unpowered buildings, or Contaminate may cause inaccurate times.
  • Supply counts are checked every 10 seconds.